 Dungeon Crawl Stone Soup version 0.30-a0-457-g4b7bca3bfa (webtiles) character file.

Game seed: 10995316477182650

293 NinjaNoafa the Grave Robber (level 6, -6/45 HPs)
             Began as a Ghoul Necromancer on Dec 13, 2022.
             Mangled by cforsyth's ghost (11 damage)
             ... on level 3 of the Dungeon.
             The game lasted 00:10:51 (3768 turns).

NinjaNoafa the Grave Robber (Ghoul Necromancer)     Turns: 3768, Time: 00:10:52

Health: -6/45      AC:  6    Str: 12    XL:     6   Next: 33%
Magic:  8/10       EV: 12    Int: 12    God:
Gold:   153        SH:  0    Dex:  9    Spells: 8/12 levels left

rFire   . . .      SeeInvis .    y - +2 dagger (freeze)
rCold   + . .      Faith    .    (no shield)
rNeg    + + +      Spirit   .    a - +0 robe
rPois   ∞          Reflect  .    (no helmet)
rElec   .          Harm     .    (no cloak)
rCorr   .          Rampage  .    w - +2 pair of gloves
Will    .....                    o - +0 pair of boots
Stlth   ++........               (no amulet)
HPRegen 0.00/turn                (no ring)
MPRegen 0.12/turn                (no ring)

@: inhibited regen
A: claws 1, cold resistance 1, negative energy resistance 3, inhibited
regeneration, torment resistance 2, devour on kill
a: no special abilities


You were on level 3 of the Dungeon.
You visited 1 branch of the dungeon, and saw 3 of its levels.

You collected 153 gold pieces.

Inventory:

Hand Weapons
 y - a +2 dagger of freezing (weapon)
Missiles
 g - 4 poisoned darts
 l - 22 stones
 q - a javelin (quivered)
 u - a curare-tipped dart
Armour
 a - a +0 robe (worn)
 o - a +0 pair of boots (worn)
 w - a +2 pair of gloves (worn)
Scrolls
 d - a scroll of silence {unknown}
 f - a scroll of fog {unknown}
 j - a scroll of teleportation {unknown}
 k - a scroll of blinking {unknown}
 p - a scroll of amnesia {unknown}
 v - a scroll of enchant weapon {unknown}
 x - a scroll of torment {unknown}
Potions
 c - 2 potions of heal wounds
 e - 2 potions of resistance {unknown}
 h - 3 potions of haste {unknown}
 i - a potion of berserk rage {unknown}
 m - 2 potions of lignification {unknown}
 n - a potion of curing {unknown}
 r - a potion of cancellation {unknown}
 s - a potion of might {unknown}
 t - a potion of degeneration {unknown}


   Skills:
 - Level 1.7 Dodging
 - Level 2.1 Stealth
 + Level 3.8 Spellcasting
 + Level 5.8 Necromancy
 + Level 1.5 Ice Magic


You had 8 spell levels left.
You knew the following spells:

 Your Spells              Type           Power      Damage    Failure   Level
a - Necrotise             Necr           64%        1d7       1%          1
b - Vampiric Draining     Necr           16%        2d7       6%          3

Your spell library contained the following spells:

 Spells                   Type           Power      Damage    Failure   Level
 Freeze                   Ice            24%        1d4       12%         1
 Animate Dead             Necr           16%        N/A       21%         4
 Frozen Ramparts          Ice            12%        1d2       34%         3
 Hailstorm                Conj/Ice       4%         3d4       43%         3
 Agony                    Necr           16%        N/A       50%         5
 Portal Projectile        Hex/Tloc       4%         N/A       56%         3
 Tukima's Dance           Hex            2%         N/A       56%         3
 Blade Hands              Tmut           Unusable   N/A       N/A         5

Dungeon Overview and Level Annotations

Branches:
Dungeon (3/15)

Altars:

Shops:
D:1 ?

Annotations:
D:3 cforsyth's ghost, amateur MiBe


Innate Abilities, Weirdness & Mutations

You are immune to poison.
You have sharp fingernails.
Your flesh is cold resistant. (rC+)
You are immune to negative energy. (rN+++)
You do not regenerate when monsters are visible.
You are immune to unholy pain and torment.
You thrive by killing the living.


Message History

Cforsyth's ghost barely misses you.
Your ball python skeleton barely misses cforsyth's ghost.
You hit cforsyth's ghost but do no damage.
Cforsyth's ghost barely misses you.
Your ball python skeleton bites cforsyth's ghost.
Flame seeps out of cforsyth's ghost.
You barely miss cforsyth's ghost.
Cforsyth's ghost is lightly damaged.
Cforsyth's ghost is engulfed in blazing flames.
Flame seeps out of cforsyth's ghost.
Cforsyth's ghost hits you but does no damage.
Your ball python skeleton barely misses cforsyth's ghost.
You hit cforsyth's ghost but do no damage.
Cforsyth's ghost is moderately damaged.
Cforsyth's ghost is engulfed in blazing flames.
Flame seeps out of cforsyth's ghost.
Cforsyth's ghost hits you.
Your ball python skeleton closely misses cforsyth's ghost.
You miss cforsyth's ghost.
Cforsyth's ghost is heavily damaged.
Cforsyth's ghost hits you!
Your ball python skeleton bites cforsyth's ghost but does no damage.
You barely miss cforsyth's ghost.
Cforsyth's ghost is heavily damaged.
Cforsyth's ghost barely misses you.
Your ball python skeleton barely misses cforsyth's ghost.
Cforsyth's ghost hits you!
Your ball python skeleton barely misses cforsyth's ghost.
Cforsyth's ghost hits you.
Your ball python skeleton barely misses cforsyth's ghost.
Your ball python skeleton bites cforsyth's ghost.
Flame seeps out of cforsyth's ghost.
Cforsyth's ghost is engulfed in blazing flames.
Flame seeps out of cforsyth's ghost.
Your ball python skeleton barely misses cforsyth's ghost.
Cforsyth's ghost attacks as you move away!
Cforsyth's ghost hits you!
* * * LOW HITPOINT WARNING * * *
Cforsyth's ghost attacks as you move away!
Cforsyth's ghost hits you!
You die...

.##...))....# #~~~#
#.# .###........#
#~~~# #.#
.#~#..).....### ##(##
#.#
.#~~#.###.....####..(#
#.# ##~~#.#
#.....##....## ####.#
#≈~~~.###.)...##..(.##
#....#
#≈~~~...'............#
#.####
#≈≈~~####....(...(...#
##.# ##≈~##
#.....ZW@...(# #..#
.#~~#
####'#...)...####.##
.##~# #.#.......##...#
..#~# #.........##.###
..### ###..^.......#
#######.######.###
#.........###..#
#.######...#..##
#...>.##


You could see cforsyth's ghost (inner flame, ally target) and a friendly ball
python skeleton (inner flame).

Vanquished Creatures
  Sigmund (D:2)
  A kobold brigand (D:3)
  An adder (D:3)
  A worm (D:2)
  A dart slug (D:1)
  An orc (D:3)
  3 ball pythons
  4 bats
  2 endoplasms
  6 giant cockroaches
  5 goblins
  4 hobgoblins
  4 jackals
  A quokka (D:1)
  A frilled lizard (D:3)
  11 kobolds
  7 rats
54 creatures vanquished.

Vanquished Creatures (collateral kills)
  A kobold (D:3)
1 creature vanquished.

Grand Total: 55 creatures vanquished

Notes
Turn   | Place    | Note
-------+----------+-------------------------------------------
     0 | D:1      | NinjaNoafa the Ghoul Necromancer began the quest for the
                  | Orb.
     0 | D:1      | Reached XP level 1. HP: 14/14 MP: 2/2
    69 | D:1      | Found a faded altar of an unknown god.
   194 | D:1      | Reached XP level 2. HP: 20/20 MP: 0/4
  1233 | D:1      | Found Amog's Magic Scroll Shop.
  1555 | D:2      | Reached XP level 3. HP: 26/26 MP: 2/5
  1963 | D:2      | Noticed Sigmund
  1981 | D:2      | Learned a level 3 spell: Vampiric Draining
  2514 | D:2      | Killed Sigmund
  2515 | D:2      | Reached skill level 5 in Necromancy
  2515 | D:2      | Reached XP level 4. HP: 20/33 MP: 1/8
  2515 | D:2      | Reached XP level 5. HP: 23/38 MP: 1/9
  3428 | D:3      | Noticed a kobold brigand
  3467 | D:3      | Killed a kobold brigand
  3468 | D:3      | Reached skill level 1 in Ice Magic
  3468 | D:3      | Reached XP level 6. HP: 29/45 MP: 5/10
  3587 | D:3      | Found a runed translucent door.
  3718 | D:3      | Noticed cforsyth's ghost (amateur MiBe)
  3768 | D:3      | Mangled by cforsyth's ghost

Illustrated notes

Levels and vault maps discovered:
D:1:      eino_arrival_cavern_e, layout_basic,
          hellmonk_ecumenical_altar_zigzags, serial_shops, nicolae_shop_trees,
          chequers_serial_rivers_micro_c
D:2:      layout_basic, uniq_sigmund
D:3:      cheibrodos_thug_alley, layout_basic, ebering_ghost_sewer_f

Skill      XL: |  1  2  3  4  5 |
---------------+----------------+-----
Spellcasting   | 2 3 |  3.8
Necromancy     | 5 |  5.8
Ice Magic      | 1 |  1.5
Dodging        | |  1.7
Stealth        | |  2.1

Action                   |  1- 3 |  4- 6 || total
-------------------------+-------+-------++-------
Melee: Unarmed           |    16 |       ||    16
       Dagger            |    12 |    17 ||    29
       Punch             |     1 |       ||     1
Throw: Javelin           |       |     5 ||     5
       Dart              |       |     4 ||     4
 Cast: Necrotise         |    63 |    39 ||   102
       Vampiric Draining |     3 |     6 ||     9
  Use: Potion            |     1 |     2 ||     3
       Scroll            |       |     1 ||     1
Armor: Robe              |     6 |    18 ||    24
Dodge: Dodged            |    34 |    50 ||    84

Table legend: (Time is in decaauts)
 A = Elapsed time spent in this place.
 B = Non-inter-level travel time spent in this place.
 C = Inter-level travel time spent in this place.
 D = Time resting spent in this place.
 E = Time spent auto-exploring this place.
 F = Levels seen in this place.
 G = Mean time per level.
                   A        B        C        D        E       F      G
               +--------+--------+--------+--------+--------+-----+--------+
         Total |   3773 |   3408 |    365 |      0 |   2772 |   3 | 1257.7 |
       Dungeon |   3773 |   3408 |    365 |      0 |   2772 |   3 | 1257.7 |
               +--------+--------+--------+--------+--------+-----+--------+

Top non-repeatable levels by time:
     D:1: 1709 daAuts
     D:2: 1423 daAuts
     D:3: 641 daAuts
